 Dungeon Crawl Stone Soup version 0.30.0-10-gfe55d96785 (webtiles) character file.

Game seed: 58173874369534877

58 olmar the Covered (level 3, -3/33 HPs)
             Began as an Armataur Fighter on May 15, 2023.
             Slain by Terence
             ... wielding a +0 flail
              (8 damage)
             ... on level 2 of the Dungeon.
             The game lasted 00:01:14 (889 turns).

olmar the Covered (Armataur Fighter)                 Turns: 889, Time: 00:01:15

Health: -3/33      AC:  7    Str: 23    XL:     3   Next: 75%
Magic:  3/3        EV:  4    Int:  8    God:
Gold:   17         SH:  4    Dex:  9    Spells: 2/2 levels left

rFire   . . .        a - +0 flail
rCold   . . .        c - +0 buckler
rNeg    . . .        b - +0 scale mail
rPois   .            (no helmet)
rElec   .            (no cloak)
rCorr   .            (no gloves)
SInv    .            (no barding)
Will    .....        (no amulet) Stlth
                     (no ring)
HPRegen 0.25/turn    (no ring)
MPRegen 0.08/turn

%: roll
@: mighty, grasped by roots, attractive, constricted
A: large, rugged brown scales 3, deformed body, armoured tail, roll, long
tongue, awkward tongue
a: no special abilities


You were on level 2 of the Dungeon.
You visited 1 branch of the dungeon, and saw 2 of its levels.

You collected 43 gold pieces.
You spent 26 gold pieces at shops.

Inventory:

Hand Weapons
 a - a +0 flail (weapon)
 j - a +0 whip of flaming
Armour
 b - a +0 scale mail (worn)
 c - a +0 buckler (worn)
Scrolls
 e - 3 scrolls of enchant weapon {unknown}
 f - a scroll of fear {unknown}
 k - a scroll of teleportation {unknown}
 l - 2 scrolls of identify
Potions
 h - a potion of degeneration {unknown}
 i - a potion of heal wounds {unknown}


   Skills:
 + Level 3.1 Fighting
 + Level 2.4 Maces & Flails
 + Level 4.1 Armour
 + Level 0.2 Dodging
 + Level 3.7 Shields


You had 2 spell levels left.
You didn't know any spells.
Your spell library contained the following spells:

 Spells                   Type           Power      Damage    Failure   Level
 Slow                     Hex            0%         N/A       78%         1
 Confusing Touch          Hex            0%         N/A       98%         3
 Vampiric Draining        Necr           0%         2d6       98%         3


Dungeon Overview and Level Annotations

Branches:
Dungeon (2/15)

Altars:

Shops:
D:2 !(??

Annotations:
D:2 Terence


Innate Abilities, Weirdness & Mutations

You are completely covered in rugged brown scales. (AC +3, +7% HP)
Armour fits poorly on your strangely shaped body.
You have a long armoured tail.
You roll when moving toward enemies. (Rampage)
Your long tongue fully drains potion bottles. (2x potion effects)
Your tongue gives you trouble enunciating. (1.5x scroll delay)


Message History

No target in view!
No target in view!
No target in view!
No target in view!
No target in view!
No target in view!
No target in view!
No target in view!
Terence the Incautious comes into view.
He is wielding a +0 flail, wearing a +4 chain mail of fire resistance and carrying a wand of roots (9).
Terence shouts!
The goblin hits you but does no damage.
Unknown command.
You aren't carrying any items that you can evoke.
You feel very mighty all of a sudden.
You slurp down every last drop of the potion of might!
The goblin hits you but does no damage.
You roll towards Terence!
Terence hits you with a +0 flail! The goblin hits you with a +0 dagger.
You sock Terence!
Terence is heavily wounded.
The goblin hits you with a +0 dagger. Terence hits you with a +0 flail!
Unknown command.
You hit Terence.
Terence is heavily wounded.
The goblin hits you with a +0 dagger.
Terence zaps a wand.
The roots erupt in riotous growth!
The grasping roots grab you!
Terence is unaffected.
The goblin is unaffected.
The grasping roots constrict you.
* * * LOW HITPOINT WARNING * * *
You block Terence's attack. The grasping roots constrict you.
* * * LOW HITPOINT WARNING * * *
The goblin hits you but does no damage.
You hear an angry hiss.
Unknown command.
It was a potion of attraction.
You feel attractive to monsters.
You slurp down every last drop of the potion of attraction!
You block the goblin's attack. Terence hits you with a +0 flail!
You die...

#.####.##..........#
#. #..........####
#. ###.##...###
#.#### #.##...#
#.#...##.##...#
#..###........#
#..#.....##..##
#..#g#..........
#.@@.........### #
.............###.# #
#.......∩...## # ..
#.###.####### .. .
... .# #### .. # #


You could see Terence and a goblin.

Vanquished Creatures
  A gnoll (D:1)
  A dart slug (D:1)
  A worm (D:2)
  3 ball pythons (D:1)
  4 endoplasms
  3 giant cockroaches (D:1)
  6 goblins (D:1)
  2 hobgoblins
  4 jackals (D:2)
  4 kobolds
  A quokka (D:1)
  4 bats
  5 rats (D:1)
39 creatures vanquished.

Notes
Turn   | Place    | Note
-------+----------+-------------------------------------------
     0 | D:1      | olmar the Armataur Fighter began the quest for the Orb.
     0 | D:1      | Reached XP level 1. HP: 19/19 MP: 1/1
   140 | D:1      | Reached XP level 2. HP: 26/26 MP: 2/2
   182 | D:1      | Reached skill level 4 in Armour
   256 | D:1      | Reached XP level 3. HP: 33/33 MP: 3/3
   771 | D:2      | Found Xicluyl's Magic Scroll Boutique.
   779 | D:2      | Bought a scroll of identify for 26 gold pieces
   828 | D:2      | Found Bievaexe's Magic Scroll Shoppe.
   834 | D:2      | Found Moettifo's Antique Weapon Boutique.
   879 | D:2      | Found Fuysogyi's Distillery.
   883 | D:2      | Noticed Terence
   889 | D:2      | Slain by Terence

Illustrated notes

Levels and vault maps discovered:
D:1:      spicycebolla_arrival_ecumenical, layout_basic
D:2:      layout_loops_ring, serial_shops, nicolae_shop_behind_doors, shop,
          shop, shop, uniq_terence

Skill      XL: |  1  2 |
---------------+-------+-----
Fighting       | 3 |  3.1
Maces & Flails | 2 |  2.4
Armour         | 4 |  4.1
Dodging        | |  0.2
Shields        | |  3.7

Action                     || total
---------------------------++-------
  Melee: Flail             ||    90
         Tailslap          ||     3
    Use: Potion            ||     2
 Armour: Scale mail        ||    54
  Dodge: Dodged            ||    34
  Block: Buckler           ||    25
